Map: NeoHumanity LE

Players

DESTROYER

  • Race: Zerg Zerg
  • League: Gold
  • Spawn Location: 11:00

Platino - Winner!

  • Race: Terran Terran
  • League: Gold
  • Spawn Location: 5:00

VOD

Have the link to the VOD?

Description

Time

  • Played on: Feb. 27, 2023, 8:41 p.m.
  • Length: 25:17
Show
View Real Time Build Order
Export as new Build Order

DESTROYER Zerg 

Build Orders: Pool First 

Get SALT Encoding   

  12  0:00  Drone  
  13  0:09  Drone  
  14  0:17  Overlord  
  14  0:36  Drone x3  
  17  0:46  Spawning Pool  
  17  0:49  Extractor  
  15  0:50  Drone  
  16  1:00  Drone  
  17  1:09  Drone  
  18  1:20  Drone  
  19  1:31  Hatchery  
  18  1:36  Queen, Zergling x2  
  21  1:42  Zergling x2  
  22  1:52  Overlord  
  22  2:08  Baneling Nest  
  22  2:10  Drone  
  22  2:20  Drone  
  22  2:36  Drone x2  
  24  2:48  Drone x2  
  26  2:52  Baneling  
  26  2:53  Baneling x2  
  26  2:55  Zergling x8  
  30  2:59  Queen  
  30  3:05  Overlord  
  32  3:08  Drone  
  33  3:24  Zergling x2  
  33  3:25  Zergling x2  
  35  3:32  Baneling x2  
  30  4:04  Zergling x4  
  30  4:05  Zergling x12  
  38  4:13  Drone  
  37  4:32  Drone x4  
  41  4:48  Hatchery  
  34  5:02  Drone x5  
  34  5:03  Drone x3  
  40  5:21  Extractor  
  40  5:24  Zergling x10  
  40  5:25  Overlord  
  44  5:30  Overlord  
  44  5:48  Drone  
  44  5:49  Roach Warren  
  44  5:51  Drone x3  
  47  5:57  Extractor  
  46  6:04  Baneling x3  
  46  6:05  Baneling x3  
  46  6:06  Zergling x2  
  46  6:07  Zergling x8, Hatchery  
  46  6:10  Drone x3  
  53  6:12  Drone x3  
  56  6:23  Drone x2  
  56  6:24  Drone  
  59  6:32  Queen  
  61  6:56  Roach x2  
  61  6:57  Overlord x4  
  61  6:58  Overlord x3  
  65  7:03  Overlord x3  
  65  7:42  Lair  
  65  7:43  Lair  
  65  7:49  Zergling x4  
  65  7:50  Zergling x14  
  65  7:51  Zergling x12  
  77  7:52  Zergling x4  
  77  7:58  Drone  
  83  8:06  Queen  
  83  8:11  Baneling x4  
  83  8:12  Baneling x3  
  85  8:27  Extractor  
  84  8:50  Roach x5  
  84  8:51  Roach x8  
  84  8:52  Roach x7  
  84  8:53  Roach  
  126  8:58  Overseer  
  126  8:59  Overseer x4  
  126  9:01  Pneumatized Carapace  
  126  9:09  Hydralisk Den, Drone x3  
  128  9:12  Overlord x5  
  128  9:13  Overlord  
  128  9:30  Evolution Chamber  
  127  9:33  Evolution Chamber  
  127  9:37  Glial Reconstitution  
  126  9:39  Centrifugal Hooks  
  126  9:41  Grooved Spines  
  126  9:47  Extractor, Drone x2  
  126  9:48  Drone x4  
  131  9:53  Ravager x4  
  131  9:56  Zergling x10  
  131  9:57  Zergling x6  
  143  10:18  Baneling x4  
  143  10:19  Baneling x6  
  143  10:20  Baneling x3  
  143  10:23  Hydralisk  
  145  10:53  Muscular Augments  
  145  10:56  Tunneling Claws  
  143  11:12  Zerg Melee Weapons Level 1, Zerg Missile Weapons Level 1  
  143  11:19  Evolution Chamber  
  142  11:41  Hydralisk x7  
  142  11:42  Hydralisk x6  
  142  11:43  Hydralisk x4  
  176  11:58  Zerg Ground Armor Level 1  
  176  12:08  Hatchery  
  175  12:24  Ravager  
  175  12:25  Ravager x4  
  175  12:28  Hydralisk x2  
  184  12:46  Spire  
  184  12:50  Extractor  
  182  13:45  Queen  
  184  14:01  Corruptor x7  
  198  14:04  Zergling x2  
  198  14:09  Zerg Melee Weapons Level 2, Zerg Ground Armor Level 2, Zerg Missile Weapons Level 2  
  199  14:51  Overseer  
  197  15:25  Overlord  
  197  15:26  Overlord x3  
  196  16:18  Baneling x4  
  194  16:19  Baneling x4  
  194  16:37  Infestation Pit  
  70  17:49  Hydralisk x3  
  70  17:50  Hydralisk x7  
  70  17:51  Hydralisk x8  
  76  17:52  Corruptor x5  
  76  17:53  Corruptor x2  
  106  18:10  Extractor  
  105  18:13  Extractor  
  105  18:19  Zergling x6  
  107  18:20  Zergling x10  
  112  18:36  Mutalisk x6  
  112  18:37  Mutalisk x7  
  138  18:42  Baneling x2  
  138  18:43  Baneling x6  
  138  18:44  Baneling x4  
  138  18:51  Zergling x6  
  138  18:52  Zergling x4  
  70  20:03  Roach x2  
  70  20:04  Roach x8  
  70  20:05  Roach x6  
  102  20:55  Ravager x5  
  102  20:56  Ravager x6  
  102  20:57  Ravager x5  
  114  20:59  Hydralisk x7  
  114  21:00  Hydralisk x7  
  114  21:01  Hydralisk x6  
  114  21:03  Zergling x6  
  114  21:04  Zergling x2  
  162  21:06  Hatchery  
  161  21:22  Hydralisk x4  
  161  21:23  Hydralisk  
  161  21:24  Zergling x4  
  161  21:25  Zergling x10  
  113  23:13  Hydralisk x4  
  113  23:14  Hydralisk x7  
  113  23:15  Hydralisk x2  
  99  23:40  Hydralisk x4  
  99  23:41  Hydralisk x8  
  87  23:48  Overseer  
  103  23:53  Overseer  
  103  24:03  Hydralisk x4  
  103  24:04  Hydralisk x4  
  118  24:53  Roach x5  
  118  24:54  Roach x7  
  118  24:55  Roach x7  
  118  24:56  Roach x7  
Show
View Real Time Build Order
Export as new Build Order

Platino Terran - Winner!

Build Orders: Command Center First 

Get SALT Encoding   

  12  0:02  SCV  
  13  0:25  SCV  
  14  0:37  SCV  
  15  0:46  Supply Depot  
  15  0:58  Command Center  
  15  1:08  SCV  
  16  1:15  Barracks  
  16  1:24  Barracks  
  16  1:29  SCV  
  17  1:35  Refinery  
  17  1:41  SCV  
  18  1:57  SCV  
  19  2:02  Marine  
  19  2:08  Bunker  
  20  2:12  Marine  
  21  2:17  SCV  
  21  2:19  SCV  
  21  2:22  Refinery  
  23  2:26  Marine  
  25  2:30  SCV  
  25  2:33  Marine  
  26  2:44  SCV, Factory  
  26  2:48  SCV  
  28  3:04  Engineering Bay  
  28  3:11  SCV  
  29  3:13  SCV  
  29  3:17  Marine  
  31  3:23  SCV  
  31  3:25  Barracks Tech Lab  
  31  3:26  SCV  
  33  3:27  Factory Tech Lab  
  33  3:38  SCV x2  
  33  3:41  Starport  
  35  3:44  Bunker  
  35  3:46  Marine  
  35  3:47  Marine  
  36  4:15  Supply Depot  
  36  4:17  Supply Depot  
  36  4:18  Supply Depot  
  36  4:19  Supply Depot  
  36  4:30  Sensor Tower  
  36  4:36  SCV, Marine  
  38  4:38  Siege Tank, Starport Reactor  
  41  4:48  SCV  
  39  5:11  Barracks Tech Lab  
  39  5:17  Supply Depot  
  39  5:23  Refinery  
  39  5:25  Siege Tank  
  39  5:26  Refinery  
  39  5:28  Marine  
  43  5:33  Viking  
  43  5:34  Viking  
  47  5:45  Marine  
  48  5:52  Supply Depot  
  48  5:59  Supply Depot  
  48  6:14  Siege Tank  
  48  6:16  SCV  
  52  6:18  Viking  
  54  6:27  Orbital Command  
  55  6:37  Orbital Command  
  54  6:48  Missile Turret  
  54  6:54  Missile Turret  
  54  6:57  Siege Tank  
  57  7:04  Marauder x2  
  57  7:05  Viking x2  
  65  7:08  SCV  
  66  7:15  Ghost Academy  
  66  7:18  Ghost Academy  
  66  7:19  SCV  
  66  7:20  SCV  
  68  7:38  Sensor Tower  
  68  7:40  SCV  
  69  7:49  Personal Cloaking  
  69  7:50  Ghost Academy  
  69  7:52  SCV  
  70  8:04  SCV  
  71  8:22  Neosteel Armor  
  71  8:25  SCV  
  72  8:30  Factory Reactor  
  72  8:34  Armory  
  72  8:37  SCV, Ghost  
  72  8:38  Ghost  
  77  8:43  Nuke x2  
  77  8:50  SCV  
  78  8:58  Command Center  
  78  9:02  SCV  
  79  9:15  Nuke  
  79  9:17  Ghost  
  79  9:18  Ghost  
  79  9:21  Viking  
  79  9:24  SCV  
  86  9:33  Supply Depot x2  
  86  9:35  Terran Vehicle Weapons Level 1  
  86  9:45  Supply Depot  
  86  9:49  Starport  
  86  9:55  Widow Mine x2  
  86  9:58  SCV  
  91  10:09  Ghost Academy  
  91  10:10  SCV  
  91  10:12  Ghost Academy  
  91  10:13  Supply Depot  
  92  10:16  Viking  
  94  10:21  Marine  
  94  10:22  Marine  
  96  10:33  Widow Mine x2  
  100  10:39  Bunker x2  
  100  10:49  Missile Turret  
  100  10:52  Missile Turret  
  100  10:54  Widow Mine  
  102  11:01  Missile Turret  
  102  11:02  Missile Turret  
  102  11:03  Marine x2  
  104  11:20  Widow Mine x2  
  104  11:22  Marine x2  
  110  11:32  SCV  
  111  11:36  Viking  
  111  11:39  Starport Tech Lab  
  113  11:42  Nuke  
  113  11:43  Nuke  
  113  11:44  SCV  
  114  11:56  Refinery  
  114  12:01  Refinery  
  114  12:06  Marine x2  
  116  12:10  Hi-Sec Auto Tracking  
  116  12:14  Viking x2  
  120  12:18  Combat Shield  
  120  12:22  Widow Mine  
  122  12:26  SCV  
  123  12:31  SCV  
  124  12:44  Raven  
  124  12:46  Viking x2  
  130  12:54  Factory  
  130  12:55  Marine  
  130  12:56  Marine  
  132  13:04  Planetary Fortress  
  132  13:13  Marine  
  133  13:39  Factory Tech Lab  
  133  13:44  Barracks  
  133  13:56  Bunker  
  133  13:59  Bunker  
  133  14:00  Command Center  
  133  14:06  Marauder, Widow Mine x2, Viking  
  133  14:07  Marine, Siege Tank, Viking x2  
  133  14:08  Smart Servos  
  149  14:25  Marauder  
  149  14:28  Ghost Academy, SCV  
  149  14:31  Ghost Academy x2  
  152  14:40  SCV  
  153  14:50  Nuke  
  153  14:51  Nuke x3  
  153  14:53  SCV  
  154  15:05  SCV  
  155  15:11  Widow Mine  
  155  15:12  Widow Mine  
  155  15:13  Siege Tank  
  162  15:17  SCV  
  163  15:22  Terran Ship Weapons Level 1  
  163  15:24  Supply Depot  
  163  15:25  Supply Depot, Viking  
  163  15:26  Drilling Claws, Viking  
  163  15:27  Barracks Reactor  
  163  15:28  Nuke x3  
  167  15:30  Supply Depot  
  167  15:45  Siege Tank  
  170  16:17  Marauder x2  
  174  16:19  Bunker, Marine x2  
  174  16:20  Bunker  
  174  16:21  Bunker  
  174  16:23  Missile Turret  
  176  16:37  Marine x2, Ghost, Sensor Tower  
  180  16:41  Widow Mine x2  
  141  17:02  Widow Mine  
  141  17:03  Widow Mine  
  130  17:16  Marine x2  
  130  17:17  Marauder x2  
  116  17:36  Banshee  
  118  17:37  Viking  
  118  17:38  Viking  
  118  17:39  Marine x2  
  118  17:40  Marine  
  118  17:41  Marauder  
  122  17:58  Marauder  
  124  18:06  Siege Tank  
  127  18:14  Planetary Fortress  
  127  18:19  Bunker  
  127  18:20  Bunker  
  127  18:23  Bunker, Missile Turret  
  127  18:24  Marine  
  127  18:25  Missile Turret, Marine  
  127  18:27  Marauder x2  
  133  18:30  Banshee  
  133  18:31  Cloaking Field  
  136  18:35  Viking  
  138  18:47  Siege Tank  
  141  19:17  Refinery  
  141  19:18  Refinery  
  82  20:03  Siege Tank  
  85  20:07  Marine x2  
  85  20:08  Marine x2  
  89  20:19  Bunker  
  89  20:23  Bunker  
  89  20:24  Bunker  
  89  20:25  Marine x2  
  89  20:26  Marauder x2  
  89  20:27  Bunker  
  95  20:31  Widow Mine x2  
  95  20:34  Banshee  
  102  20:35  Siege Tank  
  105  20:43  Marine x2  
  105  20:47  Terran Infantry Weapons Level 1  
  107  20:52  Widow Mine x2  
  107  20:53  Missile Turret  
  111  21:10  Starport Tech Lab, Marine x2  
  113  21:11  Starport  
  113  21:13  Widow Mine, Ghost x2  
  113  21:16  Starport  
  113  21:17  Starport, Banshee  
  122  21:27  Marine  
  122  21:28  Marine  
  124  21:33  Supply Depot  
  124  21:37  Supply Depot, Sensor Tower  
  124  21:38  SCV  
  125  21:42  Marauder x2  
  129  21:50  SCV  
  129  21:51  Widow Mine x2  
  134  22:00  Banshee  
  137  22:02  Starport Tech Lab  
  137  22:03  Starport Tech Lab, SCV  
  137  22:04  Starport Reactor  
  138  22:13  Marine x2  
  138  22:15  SCV  
  141  22:20  Widow Mine x2  
  145  22:27  SCV  
  145  22:29  Missile Turret  
  144  22:31  Marine x2  
  103  22:57  Hyperflight Rotors  
  81  23:11  Banshee x2  
  81  23:12  Banshee  
  90  23:20  Marine x2  
  83  23:37  Marine  
  83  23:38  Marine  
  85  23:43  Banshee  
  88  23:54  Marine x2, Banshee x3  
  88  23:55  Marine x2  
  99  23:56  Orbital Command  
  99  23:59  Widow Mine  
  99  24:00  Widow Mine  
  99  24:02  Siege Tank  
  108  24:12  Marine  
  109  24:25  Banshee  
  109  24:39  Viking x2  
  110  24:50  Marine x2  
  114  24:53  Marine  
  114  24:57  SCV  
Tags
 
Add a new tag
Caveats
  • Supply blocks, unpowered buildings, or Contaminate may cause inaccurate times.
  • Supply counts are checked every 10 seconds.